 Dungeon Crawl Stone Soup version 0.27.1-2-g3b301248ec (webtiles) character file.

Game seed: 10304384350943253362

277 DoubleLucky the Summoner (level 6, 0/32 HPs)
             Began as a Tengu Summoner on Sept 26, 2021.
             Shot with an arrow by a centaur (6 damage)
             ... on level 4 of the Dungeon.
             The game lasted 00:13:38 (3885 turns).

DoubleLucky the Summoner (Tengu Summoner)           Turns: 3885, Time: 00:13:39

Health: 0/32       AC:  3    Str: 10    XL:     6   Next: 26%
Magic:  9/12       EV: 14    Int: 15    God:
Gold:   161        SH:  0    Dex: 15    Spells: 5/11 levels left

rFire    . . .     SeeInvis .   f - +0 dagger
rCold    . . .     Faith    .   (no shield)
rNeg     . . .     Spirit   .   d - +0 leather armour
rPois    .         Reflect  .   (helmet restricted)
rElec    .         Harm     .   (no cloak)
rCorr    .         Rampage  .   (no gloves)
Will     .....                  (boots unavailable)
Stlth    ++........             (no amulet)
HPRegen  0.10/turn              (no ring)
MPRegen  0.13/turn              (no ring)

@: flying quickly and evasively, quick
A: beak, talons 3, nimble flight
a: no special abilities


You were on level 4 of the Dungeon.
You visited 1 branch of the dungeon, and saw 4 of its levels.

You collected 161 gold pieces.

Inventory:

Hand Weapons
 f - a +0 dagger (weapon)
Missiles
 j - 62 stones
Armour
 a - a +0 robe
 d - a +0 leather armour (worn)
Wands
 l - a wand of iceblast (13)
Scrolls
 g - a scroll of silence {unknown}
 h - a scroll of teleportation
 i - a scroll of identify {unknown}
Potions
 b - a potion of mutation {unknown}
 c - 2 potions of heal wounds {unknown}
 e - 3 potions of attraction {unknown}
 k - a potion of might {unknown}


   Skills:
 - Level 2.1 Dodging
 - Level 2.0 Stealth
 + Level 3.3 Spellcasting
 - Level 8.0 Summonings


You had 5 spell levels left.
You knew the following spells:

 Your Spells              Type           Power      Damage    Failure   Level
a - Summon Small Mammal   Summ           100%       N/A       1%          1
b - Call Imp              Summ           26%        N/A       1%          2
c - Call Canine Familiar  Summ           26%        N/A       3%          3

Your spell library contained the following spells:

 Spells                   Type           Power      Damage    Failure   Level
 Summon Guardian Golem    Hex/Summ       14%        N/A       16%         3
 Corona                   Hex            2%         N/A       26%         1
 Ensorcelled Hibernation  Hex/Ice        4%         N/A       36%         2
 Summon Lightning Spire   Summ/Air       14%        N/A       45%         4
 Inner Flame              Hex/Fire       2%         N/A       61%         3
 Tukima's Dance           Hex            2%         N/A       61%         3
 Cause Fear               Hex            1%         N/A       95%         4
 Passage of Golubria      Tloc           N/A        N/A       95%         4
 Silence                  Hex/Air        1%         N/A       100%        5
 Discord                  Hex            1%         N/A       100%        8
 Lehudib's Crystal Spear  Conj/Erth      1%         10d2      100%        8


Dungeon Overview and Level Annotations

Branches:
Dungeon (4/15)
 Temple: D:4-7

Altars:


Innate Abilities, Weirdness & Mutations

You have a beak for a mouth.
You have claws for feet.
Your magical nature lets you fly swiftly and evasively.


Message History

Your hound disappears in a puff of smoke!
There is a stone staircase leading up here.
Okay, then.
Okay, then.
Magic restored.
Found a stone staircase leading down.
Found 16 stones.
There is a stone staircase leading down here.
Found a scroll labelled FUEDOI TEATA.
Found a scroll labelled CYAJUEK QYSMING.
An endoplasm and a giant cockroach come into view.
Casting: Call Canine Familiar (dangerous; 3% risk of failure)
Confirm with . or Enter, or press ? or * to list all spells.
You barely miss the giant cockroach. You claw the giant cockroach.
You kill the giant cockroach!
The endoplasm quivers.
A centaur comes into view.
Found 10 gold pieces.
Found a stone staircase leading up.
The centaur shouts!
You hear a shout! x2
The centaur wields a +0 shortbow.
The centaur shoots an arrow.
The arrow hits you. The endoplasm freezes you.
You are frozen.
You hit the endoplasm. You claw the endoplasm.
The endoplasm is heavily wounded.
The centaur shoots an arrow.
The arrow hits you! The endoplasm closely misses you.
Your hound barely misses the endoplasm.
The centaur shoots an arrow.
The arrow hits you!
* * * LOW HITPOINT WARNING * * *
Found a stone staircase leading down.
Your hound bites the endoplasm but does no damage.
The endoplasm freezes your hound.
Your hound is frozen.
Casting: Call Canine Familiar (dangerous; 3% risk of failure)
Confirm with . or Enter, or press ? or * to list all spells.
The centaur shoots an arrow.
The arrow misses you.
Your hound bites the endoplasm.
The endoplasm dies!
The centaur shoots an arrow.
The arrow hits you.
You die...

##.##...# #...
#......## #...
###>.#..... ##...
#.........# #8...
#......#....
###...##......#...#
#.....r.......#.#.#
.#.............
#...@(.........
#.............#
####?.h......##
.<..c?..###...#
.####.#.# .#.#
...... ... #...#...
. #.#####.. #. .>


You could see a centaur, a friendly hound (summoned) and a friendly quokka
(summoned).

Vanquished Creatures
  Sigmund (D:3)
  3 adders
  A worm (D:3)
  A dart slug (D:1)
  An orc (D:3)
  A bat (D:1)
  2 endoplasms
  3 giant cockroaches
  3 goblins (D:3)
  A hobgoblin (D:1)
  A jackal (D:2)
  2 kobolds (D:1)
  A quokka (D:1)
  2 frilled lizards
  A rat (D:2)
24 creatures vanquished.

Vanquished Creatures (collateral kills)
  An ogre (D:3)
  Ijyb (D:3)
  A dart slug (D:1)
  4 orcs (D:3)
  A bat (D:2)
  8 endoplasms
  A giant cockroach (D:1)
  4 hobgoblins
  A jackal (D:2)
  3 quokkas
  4 ball pythons
  A goblin (D:1)
  A rat (D:1)
31 creatures vanquished.

Grand Total: 55 creatures vanquished

Notes
Turn   | Place    | Note
-------+----------+-------------------------------------------
     0 | D:1      | DoubleLucky the Tengu Summoner began the quest for the Orb.
     0 | D:1      | Reached XP level 1. HP: 10/10 MP: 4/4
    36 | D:1      | Reached skill level 5 in Summonings
   144 | D:1      | Reached XP level 2. HP: 13/15 MP: 3/6
   344 | D:1      | Found a faded altar of an unknown god.
  1054 | D:1      | Learned a level 2 spell: Call Imp
  1175 | D:2      | Reached XP level 3. HP: 19/19 MP: 5/7
  1265 | D:2      | Reached skill level 6 in Summonings
  2414 | D:3      | Noticed Sigmund
  2428 | D:3      | Killed Sigmund
  2429 | D:3      | Reached skill level 8 in Summonings
  2429 | D:3      | Reached XP level 4. HP: 18/24 MP: 1/8
  2429 | D:3      | Gained mutation: Your magical nature lets you fly swiftly
                  | and evasively. [Tengu growth]
  2429 | D:3      | Reached XP level 5. HP: 21/28 MP: 1/9
  2513 | D:3      | Learned a level 3 spell: Call Canine Familiar
  2639 | D:3      | Noticed an ogre
  2662 | D:3      | Killed an ogre
  2663 | D:3      | Reached XP level 6. HP: 19/32 MP: 1/11
  3033 | D:3      | Noticed Ijyb
  3057 | D:3      | Killed Ijyb
  3885 | D:4      | Shot with an arrow by a centaur

Illustrated notes

Levels and vault maps discovered:
D:1:      lordsloth_arrival_two_stooges, layout_basic, basic_ecumenical_altar,
          minivault_5, roderic_lattice_a
D:2:      layout_loops_corners, kennysheep_path_1
D:3:      layout_loops_corners, uniq_ijyb, uniq_sigmund
D:4:      layout_rooms, minmay_temple_entry_grid, corexii_hall_statues_t,
          minmay_misc_feat_room

Skill      XL: |  1  2  3  4  5  6 |
---------------+-------------------+-----
Summonings     | 5 8 |  8.0
Spellcasting   | 3 |  3.3
Dodging        | |  2.1
Stealth        | |  2.0

Action                   |  1- 3 |  4- 6 || total
-------------------------+-------+-------++-------
Melee: Unarmed           |    12 |       ||    12
       Kick              |     8 |    11 ||    19
       Dagger            |    46 |    31 ||    77
       Peck              |     9 |     4 ||    13
 Cast: Summon Small Mamm |    47 |     9 ||    56
       Call Imp          |     6 |    10 ||    16
       Call Canine Famil |       |     6 ||     6
  Use: Scroll            |       |     1 ||     1
 Stab: Distracted        |     1 |       ||     1
       Sleeping          |       |     1 ||     1
Armor: Leather armour    |    13 |     5 ||    18
       Robe              |     3 |       ||     3
Dodge: Dodged            |    32 |    18 ||    50
